Map: 천상의 쟁탈전

Players

펜타네스트

  • Race: Zerg Zerg

펜타네스트

  • Race: Terran Terran
  • Spawn Location: 6:00

VOD

Have the link to the VOD?

Description

Time

  • Played on: March 18, 2018, 12:31 p.m.
  • Length: 14:40
Show
View Real Time Build Order
Export as new Build Order

펜타네스트 Zerg 

Build Orders:  

Get SALT Encoding   

  18  0:03  Primal Drone  
  19  0:12  Primal Drone  
  19  0:17  Primal Drone  
  21  0:24  Primal Drone  
  22  0:33  Primal Drone  
  23  0:40  Extractor  
  23  1:01  Primal Warden  
  23  1:05  Primal Drone  
  25  1:13  Extractor  
  25  1:18  Primal Drone  
  26  1:25  Primal Drone  
  27  1:38  Primal Drone  
  28  1:54  Primal Drone  
  29  2:03  Glevig's Den  
  29  2:09  Primal Zergling  
  29  2:17  Primal Drone  
  30  2:56  Primal Hive  
  35  3:00  Primal Drone  
  35  3:06  Primal Drone  
  37  3:11  Primal Drone  
  38  3:34  Murvar's Den  
  38  3:36  Primal Drone  
  38  3:42  Primal Drone  
  39  4:00  Primal Drone  
  40  4:10  Primal Drone  
  40  4:12  Primal Attacks Level 1  
  41  4:22  Primal Drone  
  42  4:43  Primal Drone  
  44  4:56  Primal Warden  
  44  5:00  Primal Hive  
  44  5:07  Primal Drone x5, Primal Warden  
  44  5:08  Primal Drone, Extractor x2  
  50  5:18  Primal Drone  
  51  5:37  Dakrun's Den  
  50  5:57  Primal Drone x2  
  52  6:15  Primal Drone x4  
  52  6:16  Primal Drone x2  
  52  6:17  Primal Swarm Host x2  
  64  6:39  Primal Drone x2  
  66  6:40  Primal Swarm Host x2  
  72  7:01  Primal Drone x2  
  72  7:02  Primal Drone x2, Primal Swarm Host  
  72  7:03  Primal Swarm Host  
  82  7:20  Primal Swarm Host x3  
  91  7:36  Primal Swarm Host  
  91  7:37  Primal Swarm Host x2  
  91  7:38  Primal Swarm Host  
  103  7:46  Primal Swarm Host  
  103  7:48  Primal Drone x2  
  108  8:02  Primal Drone x2  
  108  8:06  Primal Warden  
  111  8:18  Primal Drone x2  
  113  8:20  Primal Swarm Host x2  
  113  8:29  Primal Attacks Level 2  
  119  9:03  Primal Swarm Host x4  
  119  9:04  Primal Swarm Host x2  
  137  9:16  Primal Swarm Host  
  140  9:23  Primal Drone x2  
  140  9:29  Primal Wurm  
  144  9:31  Primal Wurm  
  144  9:38  Primal Swarm Host  
  144  9:39  Primal Swarm Host x2  
  153  10:04  Primal Swarm Host x2  
  160  10:12  Primal Wurm  
  160  10:20  Primal Swarm Host x2  
  166  10:33  Primal Swarm Host  
  166  10:36  Primal Drone x2  
  166  10:37  Primal Wurm  
  172  10:58  Primal Swarm Host x2  
  172  10:59  Primal Swarm Host  
  181  11:10  Primal Swarm Host  
  184  11:29  Primal Swarm Host x2  
  190  11:46  Primal Swarm Host  
  190  11:47  Primal Swarm Host  
  199  11:55  Primal Wurm  
  199  11:59  Primal Wurm  
  199  12:01  Primal Wurm  
Show
View Real Time Build Order
Export as new Build Order

펜타네스트 Terran 

Build Orders:  

Get SALT Encoding   

  12  0:08  SCV  
Tags
 
Add a new tag
Caveats
  • Supply blocks, unpowered buildings, or Contaminate may cause inaccurate times.
  • Supply counts are checked every 10 seconds.